 Dungeon Crawl Stone Soup version 0.29.1 (webtiles) character file.

Game seed: 16385866151074722680

427 hquester1 the Shield-Bearer (level 6, -11/56 HPs)
             Began as a Minotaur Fighter on Sept 13, 2022.
             Mangled by a wyvern (14 damage)
             ... on level 4 of the Dungeon.
             The game lasted 00:09:14 (3228 turns).

hquester1 the Shield-Bearer (Minotaur Fighter)      Turns: 3228, Time: 00:09:15

Health: -11/56     AC: 10    Str: 20 (23) XL:     6   Next: 65%
Magic:  5/5        EV: 10    Int:  3 (5)  God:
Gold:   237        SH:  5    Dex: 14 (15) Spells: 5/5 levels left

rFire   . . .      SeeInvis .   q - +0 broad axe
rCold   . . .      Faith    .   c - +0 buckler
rNeg    . . .      Spirit   .   u - +3 scale mail
rPois   .          Reflect  .   (helmet restricted)
rElec   .          Harm     .   (no cloak)
rCorr   .          Rampage  .   (no gloves)
Will    .....                   (no boots)
Stlth   +.........              (no amulet)
HPRegen 0.18/turn               a - +6 ring of dexterity
MPRegen 0.09/turn               (no ring)

@: no status effects
A: horns 2, retaliatory headbutt
a: no special abilities


You were on level 4 of the Dungeon.
You visited 1 branch of the dungeon, and saw 4 of its levels.

You collected 237 gold pieces.

Inventory:

Hand Weapons
 h - a +3 dagger
 q - a +0 broad axe (weapon)
Armour
 c - a +0 buckler (worn)
 u - a +3 scale mail (worn)
Jewellery
 a - a +6 ring of dexterity (left hand)
 y - a +6 ring of dexterity
Wands
 b - a wand of roots (14)
 s - a wand of paralysis (14)
Scrolls
 e - a scroll of fog {unknown}
 f - 4 scrolls of identify {unknown}
 g - a scroll of amnesia {unknown}
 j - 2 scrolls of poison {unknown}
 k - a scroll of fear {unknown}
 l - a scroll of enchant weapon {unknown}
 m - a scroll of magic mapping {unknown}
 o - a scroll of blinking {unknown}
 v - a scroll of immolation {unknown}
 w - a scroll of noise {unknown}
Potions
 d - 2 potions of might
 i - a potion of degeneration
 n - a potion of lignification {unknown}
 p - a potion of mutation {unknown}
 r - 2 potions of curing {unknown}
 t - a potion of haste {unknown}
 x - a potion of magic {unknown}


   Skills:
 + Level 5.0 Fighting
 + Level 4.2 Axes
 + Level 4.9 Armour
 + Level 2.6 Dodging
 + Level 2.1 Stealth
 + Level 5.0 Shields


You had 5 spell levels left.
You didn't know any spells.
Your spell library contained the following spells:

 Spells                   Type           Power      Damage    Failure   Level
 Tukima's Dance           Hex            0%         N/A       99%         3
 Passage of Golubria      Tloc           0%         N/A       100%        4
 Yara's Violent Unravell  Hex/Tmut       0%         3d3       100%        5


Dungeon Overview and Level Annotations

Branches:
Dungeon (4/15)
 Temple: D:4-7

Altars:

Annotations:
D:4 Sigmund


Innate Abilities, Weirdness & Mutations

You have a pair of horns on your head.
You reflexively headbutt those who attack you in melee.


Message History

The howler monkey hoots and howls with incredible vigour!
You hear a bark!
Found a stone staircase leading up.
The howler monkey hits you but does no damage.
There is an open door here.
You barely miss the howler monkey.
The howler monkey hoots and howls with incredible vigour!
You block the howler monkey's attack.
A wyvern comes into view.
You hear a bark!
You completely miss the howler monkey. Your headbutt misses the howler monkey.
The howler monkey hoots and howls with incredible vigour!
The howler monkey misses you.
You closely miss the howler monkey. Your headbutt misses the howler monkey.
You hit the wyvern. The wyvern bites you! The howler monkey hits you.
The wyvern bites you! The howler monkey closely misses you.
You slash the wyvern!
The wyvern is severely wounded.
You closely miss the howler monkey.
The wyvern bites you but does no damage.
The wyvern barely misses you. You furiously retaliate!
You headbutt the wyvern, but do no damage.
Sigmund the Dreaded comes into view.
He is wielding a +0 scythe.
You block the howler monkey's attack.
The howler monkey attacks as you move away!
The howler monkey hits you. The wyvern closely misses you.
Sigmund gestures wildly while chanting.
Sigmund flickers and vanishes!
Deactivating autopickup; reactivate with Ctrl-A.
Unknown command.
The wyvern bites you!
* * * LOW HITPOINT WARNING * * *
The howler monkey hoots and howls with incredible vigour!
The wyvern attacks as you move away! The wyvern bites you!
* * * LOW HITPOINT WARNING * * *
It was a potion of degeneration.
There was something very wrong with that liquid.
You feel weakened.
You feel dopey.
You feel clumsy. The wyvern bites you!
You die...

##.......##+######....#.......#..
.........#...'...'....#.......#..
.........'...#...#....#.......#..
.........######..###+##...##..#..
..............#####...#... #..#..
..............+..#....#.. #..#..
..............#..#....#.. #..#..
..#######.....#..##..##. #..'..
####'##.@##..## #..#..
#........l....# #..#..
#..........h.## #..#..
##...#...###'# ##..#..
#####...##.{# #...#.. #...##.<.
#...#.. #....#..## ##..#..
#....+..# ####.. ##..##..# #..


You could see a wyvern and a howler monkey.

Vanquished Creatures
  An ice beast (D:3)
  A necrophage (D:4)
  A jelly (D:4)
  A hound (D:4)
  2 orc wizards (D:3)
  4 gnolls (D:4)
  4 adders
  2 worms (D:3)
  3 dart slugs
  5 orcs (D:3)
  4 ball pythons
  6 bats
  9 endoplasms
  3 giant cockroaches
  7 goblins
  4 hobgoblins
  7 jackals
  4 quokkas
  6 frilled lizards
  2 kobolds
  7 rats
83 creatures vanquished.

Notes
Turn   | Place    | Note
-------+----------+-------------------------------------------
     0 | D:1      | hquester1 the Minotaur Fighter began the quest for the Orb.
     0 | D:1      | Reached XP level 1. HP: 19/19 MP: 0/0
   211 | D:1      | Reached XP level 2. HP: 26/27 MP: 1/1
   310 | D:1      | Found a faded altar of an unknown god.
   647 | D:1      | Reached XP level 3. HP: 33/33 MP: 2/2
  1370 | D:2      | Reached skill level 1 in Dodging
  1628 | D:2      | Reached XP level 4. HP: 27/40 MP: 3/3
  1798 | D:3      | Noticed an ice beast
  1805 | D:3      | Killed an ice beast
  1806 | D:3      | Reached skill level 1 in Stealth
  1806 | D:3      | Reached XP level 5. HP: 38/47 MP: 4/4
  2690 | D:4      | Reached XP level 6. HP: 53/53 MP: 5/5
  3035 | D:4      | Reached skill level 5 in Fighting
  3035 | D:4      | Reached skill level 5 in Shields
  3220 | D:4      | Noticed a wyvern
  3223 | D:4      | Noticed Sigmund
  3227 | D:4      | HP: 2/56 [wyvern (9)]
  3228 | D:4      | Mangled by a wyvern

Illustrated notes

Levels and vault maps discovered:
D:1:      dpeg_arrival_brainrot, layout_loops_corners,
          shapermc_ecumenical_altar_starsandcircs, minivault_25,
          minmay_close_crescents
D:2:      layout_rooms
D:3:      layout_basic
D:4:      layout_gridville, uniq_sigmund

Skill      XL: |  1  2  3  4  5  6 |
---------------+-------------------+-----
Armour         | 4 |  4.9
Shields        | 4 5 |  5.0
Fighting       | 4 5 |  5.0
Axes           | 3 4 |  4.2
Dodging        | 1 2 |  2.6
Stealth        | 1 2 |  2.1

Action                   |  1- 3 |  4- 6 || total
-------------------------+-------+-------++-------
Melee: War axe           |    89 |       ||    89
       Headbutt          |     8 |    12 ||    20
       Broad axe         |    16 |    71 ||    87
  Use: Potion            |       |     1 ||     1
Armor: Scale mail        |    61 |    35 ||    96
Dodge: Dodged            |    46 |    35 ||    81
Block: Buckler           |    21 |    29 ||    50
